 Dungeon Crawl Stone Soup version 0.22-a0-271-gc000056 (webtiles) character file.

140 grindst0ne the Insei (level 4, -3/37 HPs)
             Began as a Demigod Transmuter on Mar 12, 2018.
             Slain by an iguana (13 damage)
             ... on level 2 of the Dungeon.
             The game lasted 00:05:44 (2633 turns).

grindst0ne the Insei (Demigod Transmuter)           Turns: 2633, Time: 00:05:45

Health: -3/37      AC:  3    Str: 13    XL:     4   Next: 72%
Magic:  2/9        EV: 12    Int: 17    God:
Gold:   145        SH:  0    Dex: 18    Spells: 3/6 levels left

rFire    . . .     SeeInvis .     - Unarmed
rCold    . . .     Gourm    .   (no shield)
rNeg     . . .     Faith    .   b - +0 robe
rPois    .         Spirit   .   (no helmet)
rElec    .         Reflect  .   f - +0 cloak (curse)
rCorr    .         Harm     .   (no gloves)
MR       .....                  (no boots)
Stlth    ++........             (no amulet)
HPRegen  0.12/turn              (no ring)
MPRegen  0.11/turn              (no ring)

@: no status effects
A: high mp 1
a: no special abilities


You were on level 2 of the Dungeon.
You were not hungry.

You visited 1 branch of the dungeon, and saw 3 of its levels.

You collected 145 gold pieces.

Inventory:

Missiles
 a - 21 arrows
Armour
 b - a +0 robe (worn)
 f - a cursed +0 cloak (worn)
 r - a +0 plate armour
 s - a +0 large shield
Jewellery
 q - an uncursed ring of magical power {unknown}
Scrolls
 c - 6 scrolls of identify {unknown}
 e - a scroll of remove curse {unknown}
 g - a scroll of amnesia {unknown}
 i - a scroll of immolation {unknown}
 j - 2 scrolls of teleportation {unknown}
 l - 2 scrolls of fog {unknown}
 m - 2 scrolls of magic mapping {unknown}
 o - 2 scrolls of enchant armour {unknown}
Potions
 h - a potion of heal wounds {unknown}
 k - a potion of magic {unknown}
 n - 2 potions of degeneration {unknown}
Comestibles
 d - 9 rations


   Skills:
 + Level 2.5 Fighting
 - Level 1.7 Dodging
 + Level 3.7 Unarmed Combat
 - Level 1.7 Spellcasting
 + Level 3.1 Transmutations


You had 3 spell levels left.
You knew the following spells:

 Your Spells              Type           Power        Failure   Level  Hunger
a - Beastly Appendage     Tmut           ##....       5%          1    #......
b - Sticks to Snakes      Tmut           ##......     9%          2    ###....


Dungeon Overview and Level Annotations

Branches:
Dungeon (3/15)

Annotations:
D:2 exclusion: downstairs
D:3 darksquall's ghost, amateur DrAK


Innate Abilities, Weirdness & Mutations

You have an increased reservoir of magic. (+10% MP)


Message History

You create a snake!
You now have 21 arrows.
The iguana bites your ball python!
Your ball python dies!
Your ball python bites the iguana but does no damage.
Your ball python constricts the iguana.
What are your orders? t - Shout!
Orders for allies: a - Attack new target. r - Retreat! s - Stop attacking. g - Guard the area. f - Follow me.
Anything else - Cancel.
Gang up on whom?
Press: ? - help, Dir - move target cursor, f - iguana
Aim: an iguana (heavily wounded, constricted by your ball python) Attack!
The iguana escapes!
Your ball python bites the iguana.
Your ball python grabs the iguana.
Your ball python constricts the iguana.
You hit the iguana but do no damage.
The iguana is heavily wounded.
The iguana bites you!
You die...

...# #....#######.#.# #.#
...####....# #.#.# #.#
........#.## #.#.# #.#
#######.#.# #.#.# #.#
#.#.# #.#.# #.# ####.#.#
#.#.# #.# #....#.#
#.#.####.# ####.##.#.#
###S#....#.# ......#.#.#
#@l.#.##.#.# ####..#.#.#
#S######.#.#
#..###.######........#.#
#..#.........)...[...#.#
#..################.#..##
#..# #.....#
#..##################...#
#.......................#
#.###################...#


You could see an iguana and 2 friendly ball pythons.

Vanquished Creatures
  An orc priest (D:3)
  Crazy Yiuf (D:2)
  A worker ant (D:3)
  An adder (D:3)
  An ooze (D:1)
  A leopard gecko (D:1)
  2 orcs (D:3)
  A ball python (D:2)
  4 bats
  A giant cockroach (D:3)
  5 hobgoblins
  5 kobolds
  2 quokkas (D:3)
  3 frilled lizards (D:2)
  5 goblins
  6 rats
40 creatures vanquished.

Vanquished Creatures (collateral kills)
  Terence (D:2)
  An orc (D:3)
  A giant cockroach (D:1)
  A goblin (D:1)
  A bat (D:1)
  4 frilled lizards (D:2)
  2 kobolds
  A rat (D:2)
12 creatures vanquished.

Grand Total: 52 creatures vanquished

Notes
Turn   | Place    | Note
-------+----------+-------------------------------------------
     0 | D:1      | grindst0ne the Demigod Transmuter began the quest for the Orb.
     0 | D:1      | Reached XP level 1. HP: 15/15 MP: 5/5
    68 | D:1      | Reached skill level 1 in Fighting
   108 | D:1      | Reached XP level 2. HP: 11/23 MP: 5/7
   116 | D:1      | Learned a level 2 spell: Sticks to Snakes
   686 | D:2      | Reached XP level 3. HP: 29/29 MP: 8/8
   778 | D:2      | Noticed Terence
   792 | D:2      | Killed Terence
  1271 | D:2      | Found a runed door.
  1600 | D:2      | Noticed Crazy Yiuf
  1615 | D:2      | Killed Crazy Yiuf
  1743 | D:3      | Reached XP level 4. HP: 18/36 MP: 2/9
  2080 | D:3      | Found an iron altar of Okawaru.
  2134 | D:3      | Noticed darksquall's ghost (amateur DrAK)
  2633 | D:2      | Slain by an iguana

Vault maps used:
D:1:      grunt_arrival_crossed_arrows
D:2:      first_ration, roderic_serpentine_path, minmay_lizard_pond,
          uniq_terence, uniq_crazy_yiuf_cottage
D:3:      minmay_misc_feat_ornament, okawaru_trees_1

Skill      XL: |  1  2  3  4 |
---------------+-------------+-----
Fighting       | 1 2 |  2.5
Transmutations | 2 3 |  3.1
Unarmed Combat | 3 |  3.7
Dodging        | |  1.7
Spellcasting   | |  1.7

Action                   |  1- 3 |  4- 6 || total
-------------------------+-------+-------++-------
Melee: Unarmed           |   104 |    44 ||   148
       Kick              |     6 |     5 ||    11
       Punch             |     1 |       ||     1
       Headbutt          |     1 |     2 ||     3
 Cast: Beastly Appendage |     5 |     4 ||     9
       Sticks to Snakes  |    12 |    14 ||    26
 Stab: Sleeping          |     4 |       ||     4
       Distracted        |     1 |       ||     1
  Eat: Chunk             |     2 |     3 ||     5
       Ration            |       |     1 ||     1
Armor: Robe              |    15 |     4 ||    19
Dodge: Dodged            |    71 |    35 ||   106

Table legend:
 A = Spawn XP
 B = Non-spawn XP
 C = Spawn XP percentage of total XP
 D = Spawn monster count
 E = Non-spawn monster count
 F = Spawn count percentage of total count
 G = Total turns spent on level
                    A         B        C        D         E        F      G
               +---------+---------+-------+---------+---------+-------+---------
         Total |       0 |     201 |   0.0 |       0 |      52 |   0.0 |  2633
               +---------+---------+-------+---------+---------+-------+---------
           D:1 |       0 |      37 |   0.0 |       0 |      18 |   0.0 |   518
           D:2 |       0 |      76 |   0.0 |       0 |      20 |   0.0 |  1525
           D:3 |       0 |      88 |   0.0 |       0 |      14 |   0.0 |   590
               +---------+---------+-------+---------+---------+-------+---------
